 Dungeon Crawl Stone Soup version 0.23.2-40-g277498a (webtiles) character file.

Game seed: 11242035988475472350

55 Fang the Skirmisher (level 3, 0/36 HPs)
             Began as a Gargoyle Berserker on Oct 22, 2019.
             Was a Believer of Trog.
             Slain by a gnoll
             ... wielding a +0 club
              (5 damage)
             ... on level 2 of the Dungeon.
             The game lasted 00:00:38 (1065 turns).

Fang the Skirmisher (Gargoyle Berserker)            Turns: 1065, Time: 00:00:39

Health: 0/36       AC:  5    Str: 26    XL:     3   Next: 93%
Magic:  3/3        EV: 12    Int:  7    God:    Trog [**....]
Gold:   39         SH:  0    Dex:  9    Spells: 2/2 levels left

rFire    . . .     SeeInvis .   a - +0 hand axe
rCold    . . .     Gourm    .   (no shield)
rNeg     + . .     Faith    .   b - +0 animal skin
rPois    ∞         Spirit   .   (no helmet)
rElec    +         Reflect  .   (no cloak)
rCorr    .         Harm     .   (no gloves)
MR       .....                  (no boots)
Stlth    ..........             (no amulet)
HPRegen  0.12/turn              (no ring)
MPRegen  0.08/turn              (no ring)

@: berserking, very quick
A: negative energy resistance 1, electricity resistance, unbreathing,
petrification resistance, rot immunity, AC +3
a: Berserk, Trog's Hand, Renounce Religion


You were on level 2 of the Dungeon.
You worshipped Trog.
Trog was pleased with you.
You were not hungry.

You visited 1 branch of the dungeon, and saw 2 of its levels.

You collected 39 gold pieces.

Inventory:

Hand Weapons
 a - a +0 hand axe (weapon)
Armour
 b - a +0 animal skin (worn)
Scrolls
 i - a scroll of identify {unknown}
 j - a scroll of enchant weapon {unknown}
Potions
 d - a potion of brilliance {unknown}
 e - a potion of curing {unknown}
 g - a potion of invisibility {unknown}
 h - 2 potions of magic {unknown}
Comestibles
 c - 3 rations
 f - 3 chunks of flesh


   Skills:
 + Level 3.9 Fighting
 + Level 3.1 Axes
 + Level 2.9 Armour
 + Level 2.1 Dodging


You had 2 spell levels left.
You didn't know any spells.
Your spell library was empty.

Dungeon Overview and Level Annotations

Branches:
Dungeon (2/15)

Altars:


Innate Abilities, Weirdness & Mutations

You are resistant to torment.
Your stone body is resilient. (AC +3)
You are immune to poison.
You resist negative energy. (rN+)
You are resistant to electric shocks. (rElec)
You can survive without breathing.
You are immune to petrification.
You are immune to rotting.


Message History

The gnoll hits you with a +0 whip. The gnoll hits you with a +0 spear!
* * * LOW HITPOINT WARNING * * *
You barely miss the kobold. You closely miss the gnoll. You slash the gnoll!
You kill the gnoll!
Trog accepts your kill.
You barely miss the gnoll.
The gnoll hits you from afar with a +0 spear.
* * * LOW HITPOINT WARNING * * *
The kobold hits you but does no damage. The gnoll hits you with a +0 club.
* * * LOW HITPOINT WARNING * * *
The gnoll barely misses you. The gnoll hits you but does no damage.
The kobold hits you but does no damage.
You see here a +0 spear.
You hit the gnoll.
The gnoll is lightly wounded.
You closely miss the kobold. You hit the gnoll.
You kill the gnoll!
Trog accepts your kill. The gnoll hits you with a +0 club.
You die...

#.# #.# #
#.#.####
#.!.#....
#.#.#..# #
#.#.#..#
##.#......#####
+....)@g.......
##..gK......##
#...##.#.#.#
##.. #<# # #.
### #. #


You could see 2 gnolls and a kobold.

Vanquished Creatures
  2 gnolls (D:2)
  3 dart slugs (D:1)
  A leopard gecko (D:1)
  A giant cockroach (D:1)
  7 goblins (D:1)
  2 hobgoblins (D:1)
  4 jackals (D:1)
  A ball python (D:1)
  2 frilled lizards (D:1)
  A kobold (D:1)
  4 rats (D:1)
28 creatures vanquished.

Notes
Turn   | Place    | Note
-------+----------+-------------------------------------------
     0 | D:1      | Fang the Gargoyle Berserker began the quest for the Orb.
     0 | D:1      | Reached XP level 1. HP: 14/14 MP: 1/1
   550 | D:1      | Reached XP level 2. HP: 11/19 MP: 2/2
   807 | D:1      | Reached XP level 3. HP: 23/23 MP: 3/3
   844 | D:1      | Reached ** piety under Trog
  1065 | D:2      | Slain by a gnoll

Skill      XL: |  1  2  3 |
---------------+----------+-----
Axes           | 3 |  3.1
Dodging        | 2 |  2.1
Fighting       | |  3.9
Armour         | |  2.9

Action                   || total
-------------------------++-------
Melee: Hand axe          ||    65
Invok: Berserk           ||     2
 Stab: Sleeping          ||     1
  Eat: Chunk             ||     2
Armor: Animal skin       ||    35
Dodge: Dodged            ||    40
